 Dungeon Crawl Stone Soup version 0.29-a0-998-g1987434951 (webtiles) character file.

Game seed: 14715530259290884511

8607 kae the Arsonist (level 11, -1/63 HPs)
             Began as a Deep Elf Fire Elementalist on Aug 5, 2022.
             Was an Initiate of Vehumet.
             Killed from afar by a gargoyle (11 damage)
             ... with a stone arrow
             ... on level 10 of the Dungeon.
             The game lasted 00:10:12 (11371 turns).

kae the Arsonist (Deep Elf Fire Elementalist)      Turns: 11371, Time: 00:10:12

Health: -1/63      AC: 14    Str:  5    XL:     11   Next: 12%
Magic:  43/43      EV: 15    Int: 25    God:    Vehumet [......]
Gold:   1451       SH:  0    Dex: 15    Spells: 14/27 levels left

rFire   . . .      SeeInvis .   (no weapon)
rCold   + . .      Faith    .   (no shield)
rNeg    . . .      Spirit   .   H - +0 steam dragon scales
rPois   .          Reflect  .   s - +1 hat
rElec   .          Harm     .   o - +4 cloak "Ajosmi" {rC+}
rCorr   .          Rampage  .   t - +2 pair of gloves
Will    +....                   (no boots)
Stlth   ++........              g - amulet of regeneration
HPRegen 1.00/turn               W - ring of magical power
MPRegen 0.28/turn               w - ring of magical power

@: brilliant, slowed, very slow
A: no striking features
a: Renounce Religion


You were on level 10 of the Dungeon.
You worshipped Vehumet.
Vehumet was noncommittal.
You visited 2 branches of the dungeon, and saw 11 of its levels.
You also visited: Ossuary.

You collected 1451 gold pieces.


   Skills:
 + Level 5.1 Fighting
 + Level 7.0 Dodging
 - Level 2.4 Stealth
 + Level 8.7 Spellcasting
 * Level 9.9 Conjurations
 + Level 7.0 Hexes
 * Level 10.5 Fire Magic


You had 14 spell levels left.
You knew the following spells:

 Your Spells              Type           Power      Damage    Failure   Level
a - Foxfire               Conj/Fire      100%       2x1d9     1%          1
b - Scorch                Fire           100%       2d10      1%          2
c - Conjure Flame         Conj/Fire      75%        6-21      1%          3
d - Inner Flame           Hex/Fire       70%        N/A       1%          3
e - Flame Wave            Conj/Fire      75%        2d17      1%          4

Your spell library contained the following spells:

 Spells                   Type           Power      Damage    Failure   Level
 Ensorcelled Hibernation  Hex/Ice        84%        N/A       1%          2
 Passwall                 Tmut/Erth      13%        N/A       9%          2
 Swiftness                Air            16%        N/A       17%         3
 Olgreb's Toxic Radiance  Pois           16%        N/A       50%         4
 Ignition                 Fire           38%        3d11      99%         8
 Ozocubu's Refrigeration  Ice            8%         4d9       100%        7

Inventory:

Missiles
 d - 119 stones
 n - 6 boomerangs
 p - 35 poisoned darts
 A - 2 curare-tipped darts {=f}
Armour
 a - a +0 robe
 o - the +4 cloak "Ajosmi" (worn) {rC+}
   (You acquired it on level 4 of the Dungeon)

   rC:        It protects you from cold.
 s - a +1 hat (worn)
   (You found it on level 4 of the Dungeon)
 t - a +2 pair of gloves (worn)
   (You found it on level 4 of the Dungeon)
 H - +0 steam dragon scales (worn)
   (You found it on level 9 of the Dungeon)
Jewellery
 g - an amulet of regeneration (around neck)
   (You found it on level 3 of the Dungeon)
 w - a ring of magical power (right hand)
   (You found it on level 6 of the Dungeon)
 C - a ring of ice
   (You found it on level 5 of the Dungeon)
 D - a +6 ring of dexterity
   (You found it on level 6 of the Dungeon)
 W - a ring of magical power (left hand)
   (You found it on level 3 of the Dungeon)
Scrolls
 f - 2 scrolls of identify {@r1}
 k - 2 scrolls of fear
 l - a scroll of enchant armour
 v - a scroll of torment {!r}
 y - 3 scrolls of fog
 G - a scroll of teleportation {@r4}
 I - a scroll of enchant weapon
Potions
 c - a potion of cancellation
 e - 10 potions of might
 h - 4 potions of degeneration {!q}
 i - 2 potions of resistance
 j - 2 potions of flight
 m - 2 potions of attraction {!q}
 q - 3 potions of mutation {!q}
 r - 3 potions of haste {@q3}
 u - 3 potions of berserk rage {!q}
 x - 2 potions of brilliance
 z - 4 potions of curing {@q1}
 B - a potion of heal wounds {@q2}
 E - 2 potions of ambrosia
 F - 2 potions of lignification {!q}
Miscellaneous
 J - a condenser vane
   (You found it on level 10 of the Dungeon)

Dungeon Overview and Level Annotations

Branches:
Dungeon (10/15) Zot: 26251  Temple (1/1) D:4 Zot: 5696    Lair (0/5) D:10
Ossuary (visited)
    Orc: D:9-12

Altars:
Ashenzari
Cheibriados
Dithmenos
Elyvilon
Fedhas
Gozag
Hepliaklqana
Kikubaaqudgha
Makhleb
Nemelex Xobeh
Okawaru
Qazlal
Ru
Sif Muna
Trog
Uskayaw
Vehumet
Wu Jian
Xom
Yredelemnul
Zin
The Shining One

Shops:
D:10 [

Annotations:
D:9 2 transporters, eyesofgods1's ghost, novice OgGl

†....+ #.........#
.....# #.........#
.....# #......4.?#
.....# #.....K...#
##'### #...5KK.).#
#.## #..KKKKK5.#
#..# #..KK)KKK.#
##.## ####9# #.)#
####..@.# ##.#
#....####
####'######'########
#.......##^........#
'.......##.........#
#.......##.........#
#.......##.........#
#.......#....<.....#
#..................#


You could see a kobold demonologist, a red devil (summoned), a gargoyle, 4
kobold brigands, a crimson imp (summoned) and 2 kobolds.


Message History

Your Dodging skill increases to level 7! 😮 HP[-1]
You take 1 damage, and now have 35/63 hp.
A wave of flame ripples out!
The flame wave engulfs the gargoyle.
The flame wave engulfs the kobold brigand.
The flame wave engulfs the kobold brigand!
The flame wave engulfs the kobold!
You kill the kobold!
Vehumet accepts your kill.
The flame wave engulfs the kobold brigand!!
You kill the kobold brigand!
Vehumet accepts your kill.
The flame wave engulfs the kobold brigand!
You kill the kobold brigand!
Vehumet accepts your kill.
The flame wave engulfs the kobold brigand!
The flame wave engulfs the kobold brigand.
The flame wave engulfs the kobold brigand!!
You kill the kobold brigand!
Vehumet accepts your kill.
The flame wave engulfs the kobold!
You kill the kobold!
Vehumet accepts your kill.
The flame wave engulfs the kobold brigand!
The flame wave engulfs the kobold!
You kill the kobold!
Vehumet accepts your kill.
The flame wave engulfs the kobold!!
You kill the kobold!
Vehumet accepts your kill.
The flame wave engulfs the kobold!
You kill the kobold!
Vehumet accepts your kill.
The flame wave engulfs the kobold!
You kill the kobold!
Vehumet accepts your kill.
You finish channelling waves of flame.
You feel sick.
The kobold shouts!
The kobold brigand hits you with a +0 dagger.
The gargoyle hits you with a +0 morningstar!
* * * LOW HITPOINT WARNING * * *
The kobold brigand hits you with a +0 dagger.
* * * LOW HITPOINT WARNING * * *
The gargoyle hurls a stone arrow at you.
The stone arrow misses you. The kobold brigand misses you.
The kobold brigand barely misses you. 😱 HP[-22] MP[-1]
You take 22 damage, and now have 13/63 hp.
MASSIVE DAMAGE!! (PAUSE)
You lost 1 mp, and now have 40/43 mp.
Casting: Flame Wave (dangerous; 1% risk of failure)
Confirm with . or Enter, or press ? or * to list all spells.
Casting: Flame Wave (dangerous; 1% risk of failure)
Press: ? - help, Dir - look around, f - activate You feel a surge of power!
A wave of flame ripples out!
The flame wave engulfs the gargoyle but does no damage.
The flame wave engulfs the kobold brigand!!
You kill the kobold brigand!
Vehumet accepts your kill.
The flame wave engulfs the kobold brigand!
You kill the kobold brigand!
Vehumet accepts your kill. (Press . to intensify the flame waves.)
You feel sick.
The gargoyle hits you with a +0 morningstar!
* * * LOW HITPOINT WARNING * * *
The kobold brigand throws a poisoned dart.
The poisoned dart hits you!
You are lethally poisoned!
Your Hexes skill increases to level 7! 😱 HP[-10] MP[-2]
You take 10 damage, and now have 3/63 hp.
You lost 2 mp, and now have 38/43 mp.
You feel much better.
You feel very sick.
The kobold demonologist gestures wildly while chanting.
The gargoyle hurls a stone arrow at you.
The stone arrow hits you!!
* * * LOW HITPOINT WARNING * * *
The kobold brigand hits you but does no damage.
The gargoyle hits you but does no damage.
The kobold brigand closely misses you.
The kobold brigand hits you but does no damage. 😱 HP[+3] MP[+1]
You regained 3 hp, and now have 6/63 hp.
The gargoyle attacks as you move away! The gargoyle barely misses you.
You feel very sick. 😱 HP[-1]
You take 1 damage, and now have 5/63 hp.
You feel better. The gargoyle barely misses you.
The kobold demonologist mumbles some strange words.
The gargoyle hits you with a +0 morningstar.
* * * LOW HITPOINT WARNING * * *
😱 HP[+3] MP[+1]
You regained 3 hp, and now have 8/63 hp.
Magic courses through your body.
The kobold demonologist begins to cast a cantrip, but forgets the words!
The gargoyle hurls a stone arrow at you.
The stone arrow hits you!
You die...

Skill      XL: |  1  2  3  4  5  6  7  8  9 10 11 |
---------------+----------------------------------+-----
Conjurations   | 2 3 4 5 6 8 9 |  9.9
Fire Magic     | 4 5 6 7 9 10 | 10.5
Fighting       | 1 2 3 4 5 |  5.1
Spellcasting   | 4 5 6 7 8 |  8.7
Hexes          | 2 3 5 6 7 |  7.0
Dodging        | 3 4 5 6 7 |  7.0
Stealth        | |  2.4

Action                   |  1- 3 |  4- 6 |  7- 9 | 10-12 || total
-------------------------+-------+-------+-------+-------++-------
Melee: Unarmed           |     1 |    23 |       |     5 ||    29
 Cast: Foxfire           |    64 |    71 |   112 |    95 ||   342
       Scorch            |     9 |    23 |    54 |    61 ||   147
       Conjure Flame     |       |     1 |    11 |     5 ||    17
       Inner Flame       |       |       |    12 |     5 ||    17
       Flame Wave        |       |       |     3 |     8 ||    11
  Use: Scroll            |     8 |     7 |     6 |     7 ||    28
       Potion            |       |     3 |       |     4 ||     7
Armor: Robe              |    10 |    25 |    23 |     2 ||    60
       Steam dragon scal |       |       |       |    22 ||    22
Dodge: Dodged            |    15 |    44 |    31 |    66 ||   156

Levels and vault maps discovered:
D:1:      lightli_arrival_lavapool, layout_rooms
D:2:      layout_loops_ring, serial_bayou, serial_bayou_pond_a,
          serial_bayou_lagoon_a, serial_bayou_crossing, serial_bayou_pond_d
D:3:      layout_rooms, nicolae_overflow_ecumenical_swirl,
          dreamdust_ecumenical_altar_statues, chequers_serial_rivers_large_b,
          minmay_misc_feat_x
D:4:      layout_basic, fedhas_altar_3, mainiacjoe_overflow_six_doors_small,
          nicolae_overflow_two_pavilions, minmay_temple_entry_hall
D:5:      layout_basic, grunt_dithmenos_smoke_and_mirrors
D:6:      layout_basic, nicolae_overflow_crystal_walls
D:7:      layout_cave_pools, minmay_misc_feat_chi
D:8:      layout_rooms, lemuel_doored_altar, nicolae_ossuary_entry_monument
D:9:      layout_basic, nemelex_diamond_rough_becter, nzn_ghost_randoct,
          hangedman_abyss_or_decor_passed
D:10:     layout_roguey [special_room_kobold], david_lair_generic, serial_shops,
          nicolae_shop_window_shopping, minmay_fractal_squares_gapless_5
Temple:   oiseaux_autumnal_temple

Notes
Turn   | Place    | Note
-------+----------+-------------------------------------------
     0 | D:1      | kae the Deep Elf Fire Elementalist began the quest for the
                  | Orb.
     0 | D:1      | Reached XP level 1. HP: 10/10 MP: 6/6
     0 | D:1      | magus.rc [v1.11.3]
   265 | D:1      | Reached XP level 2. HP: 15/15 MP: 6/8
   268 | D:1      | Learned a level 2 spell: Scorch
   893 | D:2      | Reached skill level 2 in Conjurations
   893 | D:2      | Reached XP level 3. HP: 12/20 MP: 2/9
  1882 | D:2      | Learned a level 3 spell: Conjure Flame
  1937 | D:3      | Found a faded altar of an unknown god.
  1941 | D:3      | Found a sacrificial altar of Ru.
  1979 | D:3      | Reached skill level 4 in Fire Magic
  2061 | D:3      | Reached skill level 1 in Fighting
  2061 | D:3      | Reached XP level 4. HP: 17/25 MP: 2/11
  2311 | D:3      | HP: 6/25 [orc priest/+1 antimagic flail (10)]
  2545 | D:3      | Reached skill level 3 in Conjurations
  2711 | D:3      | Reached XP level 5. HP: 19/29 MP: 6/12
  2839 | D:3      | Reached skill level 4 in Spellcasting
  3192 | D:3      | Found a faded altar of an unknown god.
  3495 | D:4      | You pick up a book of Burglary and begin reading...
  3495 | D:4      | You add the spells Passwall, Ensorcelled Hibernation and
                  | Swiftness to your library.
  3508 | D:4      | Found a staircase to the Ecumenical Temple.
  3541 | D:4      | Identified 3 scrolls of acquirement
  3541 | D:4      | Acquired 786 gold pieces
  3563 | D:4      | Acquired the +4 cloak "Ajosmi" {rC+}
  3570 | D:4      | Acquired the Unrestrained Analects
  3571 | D:4      | You add the spells Olgreb's Toxic Radiance, Ozocubu's
                  | Refrigeration and Ignition to your library.
  3798 | D:4      | Reached skill level 5 in Fire Magic
  3895 | D:4      | Reached XP level 6. HP: 15/35 MP: 8/14
  3943 | D:4      | HP: 4/35 [orc priest/divine providence (16)]
  3950 | D:4      | Reached skill level 4 in Conjurations
  4244 | D:4      | Found an opulent altar of Gozag.
  4293 | D:4      | Reached skill level 2 in Fighting
  4316 | D:4      | Found an ornate altar of the Wu Jian Council.
  4316 | D:4      | Found a white marble altar of Elyvilon.
  4661 | D:4      | Found a blossoming altar of Fedhas.
  4735 | D:4      | Reached XP level 7. HP: 40/40 MP: 7/16
  4739 | D:4      | Learned a level 3 spell: Inner Flame
  4744 | D:4      | Learned a level 4 spell: Flame Wave
  5146 | D:5      | Entered Level 5 of the Dungeon
  5176 | D:5      | Found a shadowy altar of Dithmenos.
  5319 | D:5      | Reached skill level 5 in Spellcasting
  5319 | D:5      | Reached skill level 5 in Conjurations
  5319 | D:5      | Reached skill level 1 in Hexes
  5319 | D:5      | Reached skill level 6 in Fire Magic
  5494 | D:5      | Reached skill level 3 in Dodging
  5648 | D:5      | Reached skill level 2 in Hexes
  5755 | D:5      | Reached XP level 8. HP: 45/45 MP: 10/18
  6065 | D:5      | You pick up a book of Burglary and begin reading...
  6113 | D:5      | Reached skill level 6 in Conjurations
  6465 | D:6      | Reached skill level 3 in Fighting
  6497 | D:6      | Reached skill level 7 in Fire Magic
  6625 | D:6      | Reached skill level 3 in Hexes
  6775 | D:6      | Reached skill level 4 in Dodging
  6775 | D:6      | Reached skill level 6 in Spellcasting
  7156 | D:6      | Found a shimmering blue altar of Sif Muna.
  7409 | D:7      | Reached XP level 9. HP: 51/51 MP: 20/20
  7446 | D:7      | Reached skill level 7 in Conjurations
  7523 | D:7      | Reached skill level 4 in Hexes
  7585 | D:7      | Reached skill level 8 in Fire Magic
  8023 | D:8      | Reached skill level 5 in Dodging
  8152 | D:8      | Reached skill level 7 in Spellcasting
  8154 | D:8      | Noticed a two-headed ogre
  8172 | D:8      | Killed a two-headed ogre
  8173 | D:8      | Reached skill level 4 in Fighting
  8173 | D:8      | Reached skill level 8 in Conjurations
  8173 | D:8      | Reached skill level 5 in Hexes
  8173 | D:8      | Reached skill level 9 in Fire Magic
  8359 | D:8      | Reached XP level 10. HP: 57/57 MP: 23/23
  8361 | D:8      | Found a sand-covered staircase.
  8388 | Ossuary  | Entered an ossuary
  8876 | D:8      | Reached skill level 6 in Dodging
  9076 | D:8      | Found an iron altar of Okawaru.
  9310 | D:9      | Found a sparkling altar of Nemelex Xobeh.
  9445 | D:9      | Noticed eyesofgods1's ghost (novice OgGl)
  9446 | D:9      | Noticed a two-headed ogre
  9473 | D:9      | Noticed a centaur warrior
  9487 | D:9      | Found a transporter.
  9494 | D:9      | Noticed a centaur warrior
  9503 | D:9      | Found a transporter.
  9503 | D:9      | Noticed a cyclops
  9677 | D:9      | Reached skill level 8 in Spellcasting
  9677 | D:9      | Reached skill level 6 in Hexes
  9724 | D:9      | Reached skill level 9 in Conjurations
 10344 | D:10     | Entered Level 10 of the Dungeon
 10366 | D:10     | Noticed an elephant
 10367 | D:10     | Found a staircase to the Lair.
 10379 | D:10     | Killed an elephant
 10380 | D:10     | Reached skill level 10 in Fire Magic
 10771 | D:10     | Reached skill level 5 in Fighting
 10772 | D:10     | Reached XP level 11. HP: 54/63 MP: 25/25
 10820 | D:10     | Found Raesias's Armour Boutique.
 10970 | Temple   | Entered the Ecumenical Temple
 11241 | Temple   | Became a worshipper of Vehumet
 11366 | D:10     | Reached skill level 7 in Dodging
 11366 | D:10     | HP: 13/63 [kobold brigand/+0 dagger (4)]
 11367 | D:10     | HP: 3/63 [gargoyle/+0 morningstar (10)]
 11368 | D:10     | Reached skill level 7 in Hexes
 11371 | D:10     | Killed from afar by a gargoyle

Vanquished Creatures
  A two-headed ogre (D:8)
  An elephant (D:10)
  A hornet (D:7)
  3 wraiths
  A vampire (D:10)
  2 wyverns
  5 yaks (D:10)
  2 steam dragons (D:9)
  An acid dragon (D:9)
  7 black bears
  3 orc warriors
  3 sky beasts
  An ice beast (D:8)
  4 ogres
  4 centaurs
  A phantom (D:4)
  10 kobold brigands
  A bullfrog (D:8)
  A necrophage (D:5)
  4 scorpions
  A gnoll sergeant (D:7)
  17 wights
  12 killer bees (D:9)
  2 howler monkeys (D:8)
  A jelly (D:7)
  5 orc priests
  4 hounds
  7 iguanas
  6 orc wizards
  8 mummies (Ossuary)
  7 gnolls
  4 adders
  A shadow imp (D:6)
  A worm (D:2)
  3 dart slugs
  22 orcs
  7 ball pythons
  6 bats
  4 endoplasms
  3 giant cockroaches
  A gnoll zombie (Ossuary)
  4 goblins
  4 hobgoblins
  11 jackals
  19 kobolds
  2 quokkas
  3 frilled lizards
  2 hobgoblin zombies (Ossuary)
  A kobold zombie (Ossuary)
  4 orc zombies (Ossuary)
  2 rats
230 creatures vanquished.

Vanquished Creatures (collateral kills)
  4 foxfires (D:2)
4 creatures vanquished.

Vanquished Creatures (others)
  558 foxfires
  10 fungi
  32 plants
600 creatures vanquished.

Grand Total: 834 creatures vanquished

Table legend:
 A = Non-vault XP
 B = Vault XP
 C = Vault XP percentage of total XP
 D = Non-vault monster count
 E = Vault monster count
 F = Vault count percentage of total count
                 A         B        C        D         E       F
            +---------+---------+-------+---------+---------+-------
      Total |   10238 |    2059 |  16.7 |     195 |      35 |  15.2
            +---------+---------+-------+---------+---------+-------
        D:1 |      30 |       0 |   0.0 |      15 |       0 |   0.0
        D:2 |      75 |       0 |   0.0 |      13 |       0 |   0.0
        D:3 |     157 |       0 |   0.0 |      24 |       0 |   0.0
        D:4 |     493 |       0 |   0.0 |      28 |       0 |   0.0
        D:5 |    1043 |       0 |   0.0 |      17 |       0 |   0.0
        D:6 |     591 |       0 |   0.0 |      10 |       0 |   0.0
        D:7 |    1405 |       0 |   0.0 |      17 |       0 |   0.0
        D:8 |    2907 |       0 |   0.0 |      38 |       0 |   0.0
        D:9 |    2150 |       0 |   0.0 |      26 |       0 |   0.0
       D:10 |    1387 |    1910 |  57.9 |       7 |      19 |  73.1
    Ossuary |       0 |     149 | 100.0 |       0 |      16 | 100.0
            +---------+---------+-------+---------+---------+-------

Illustrated notes

Table legend:
 A = Kills in this place as a percentage of kills in entire the game.
 B = Kills by you in this place as a percentage of kills by you in the entire game.
 C = Kills by friends in this place as a percentage of kills by friends in the entire game.
 D = Other kills in this place as a percentage of other kills in the entire game.
 E = Experience gained in this place as a percentage of experience gained in the entire game.
 F = Experience gained in this place divided by the number of levels of this place that you have seen.
                   A       B       C       D       E      F
               +-------+-------+-------+-------+-------+----------------------
         Total | 100.0 | 100.0 |   N/A |   N/A | 100.0 | 1024.8
       Dungeon |  93.0 |  93.0 |   N/A |   N/A |  98.8 | 1214.8
       Ossuary |   7.0 |   7.0 |   N/A |   N/A |   1.2 | 149.0
               +-------+-------+-------+-------+-------+----------------------

Table legend: (Time is in decaauts)
 A = Elapsed time spent in this place.
 B = Non-inter-level travel time spent in this place.
 C = Inter-level travel time spent in this place.
 D = Time resting spent in this place.
 E = Time spent auto-exploring this place.
 F = Levels seen in this place.
 G = Mean time per level.
                   A        B        C        D        E       F      G
               +--------+--------+--------+--------+--------+-----+--------+
         Total |  11434 |  10941 |    493 |    847 |   8395 |  12 |  952.8 |
       Dungeon |  10849 |  10396 |    453 |    841 |   7971 |  10 | 1084.9 |
        Temple |    303 |    264 |     39 |      0 |    251 |   1 |  303.0 |
       Ossuary |    280 |    280 |      0 |      6 |    173 |   1 |  280.0 |
               +--------+--------+--------+--------+--------+-----+--------+

Top non-repeatable levels by time:
     D:4: 1726 daAuts
     D:2: 1620 daAuts
     D:5: 1208 daAuts
     D:9: 1193 daAuts
     D:6: 1005 daAuts
     D:3: 994 daAuts
     D:8: 928 daAuts
     D:1: 871 daAuts
     D:7: 711 daAuts
    D:10: 590 daAuts
  Temple: 303 daAuts
 Ossuary: 280 daAuts
